 Dungeon Crawl Stone Soup version 0.28-a0-612-gcfc00ec14d (webtiles) character file.

Game seed: 14030721154655010023

3290 mordus the Fighter (level 10, -1/78 HPs)
             Began as a Djinni Conjurer on Oct 5, 2021.
             Was a Follower of Makhleb.
             Slain by a two-headed ogre (16 damage)
             ... on level 8 of the Dungeon.
             The game lasted 00:47:15 (9452 turns).

mordus the Fighter (Djinni Conjurer)                Turns: 9452, Time: 00:47:16

Health: -1/78      AC:  7    Str:  6    XL:     10   Next: 20%
Gold:   400        EV: 17    Int: 23    God:    Makhleb [*.....] SH:  0 Dex: 19

rFire   + + .      SeeInvis .   t - +5 great sword "Dragonbane" {venom, rCorr Dex+7}
rCold   x . .      Faith    .   (shield currently unavailable)
rNeg    . . .      Spirit   .   g - +0 steam dragon scales
rPois   ∞          Reflect  .   e - +1 hat {Will+}
rElec   .          Harm     .   (no cloak)
rCorr   +          Rampage  .   l - +0 pair of gloves
Will    ++...                   (boots unavailable)
Stlth   ++........              (no amulet)
HPRegen 0.23/turn               (no ring)
MPRegen 0.00/turn               (no ring)

@: flying, very slightly contaminated, studying Fighting
A: sickness immunity, fire resistance 2, cold vulnerability 1, float, innate
caster, hp casting, extra vitality 1
a: Renounce Religion


You were on level 8 of the Dungeon.
You worshipped Makhleb.
Makhleb was aware of your devotion.
You visited 2 branches of the dungeon, and saw 9 of its levels.

You collected 413 gold pieces.
You spent 13 gold pieces at shops.

Inventory:

Hand Weapons
 b - a +1 quarterstaff
 t - the +5 great sword "Dragonbane" (weapon) {venom, rCorr Dex+7}
   (You found it on level 5 of the Dungeon)

   It poisons the flesh of those it strikes.
   Dex:       It affects your dexterity (+7).
   rCorr:     It protects you from acid and corrosion.
Armour
 a - a +0 robe
 e - a +1 hat of willpower (worn)
 g - +0 steam dragon scales (worn)
 l - a +0 pair of gloves (worn)
Wands
 n - a wand of digging (6)
 q - a wand of flame (24)
 r - a wand of iceblast (3)
Scrolls
 f - 4 scrolls of identify
 h - a scroll of torment
 s - 2 scrolls of teleportation
Potions
 c - 5 potions of attraction
 d - 4 potions of curing
 i - a potion of lignification
 j - a potion of mutation {unknown}
 m - 2 potions of ambrosia {unknown}
 o - a potion of heal wounds {unknown}
 v - 2 potions of haste
 x - a potion of might {unknown}


   Skills:
 + Level 9.0 Fighting
 + Level 7.8 Dodging
 - Level 1.5 Stealth
 * Level 8.2 Spellcasting


You had one spell level left.
You knew the following spells:

 Your Spells              Type           Power      Damage    Failure   Level
a - Magic Dart            Conj           100%       1d8       1%          1
b - Searing Ray           Conj           94%        2d7       1%          2
c - Dazzling Flash        Conj/Hex       94%        N/A       1%          3
d - Fulminant Prism       Conj/Hex       23%        3d13      2%          4
e - Iskenderun's Mystic   Conj/Tloc      47%        2d10      2%          4
f - Freeze                Ice            100%       1d11      1%          1
g - Corpse Rot            Necr/Air       N/A        N/A       1%          2
h - Conjure Flame         Conj/Fire      47%        6-21      1%          3
i - Passage of Golubria   Tloc           N/A        N/A       2%          4
Your spell library was empty.

Dungeon Overview and Level Annotations

Branches:
Dungeon (8/15)             Temple (1/1) D:6
   Lair: D:8-11

Altars:
Ashenzari
Cheibriados
Dithmenos
Elyvilon
Fedhas
Gozag
Hepliaklqana
Kikubaaqudgha
Makhleb
Nemelex Xobeh
Okawaru
Qazlal
Ru
Sif Muna
Trog
Uskayaw
Vehumet
Wu Jian
Xom
Yredelemnul
Zin
The Shining One

Shops:
D:6 !=


Innate Abilities, Weirdness & Mutations

You are immune to sickness and miasma.
You are immune to poison.
Your flesh is very heat resistant. (rF++)
You are vulnerable to cold. (rC-)
You float through the air rather than walking.
You learn spells naturally, not from books.
Your magical power is your life essence.
You have superior vitality. (+4 HP)


Message History

A gnoll shaman comes into view. It is wielding a +0 whip.
Casting: Fulminant Prism (dangerous; 2% risk of failure)
Confirm with . or Enter, or press ? or * to list all spells.
You erupt in a blast of force!
The mystic blast hits the orc warrior.
The orc warrior is lightly wounded.
The orc warrior is knocked back by the mystic blast.
The mystic blast hits the two-headed ogre!
The two-headed ogre is lightly wounded.
The two-headed ogre is knocked back by the mystic blast.
You hear a shout! x2
A gnoll comes into view. It is wielding a +0 halberd.
Casting: Iskenderun's Mystic Blast (dangerous; 2% risk of failure)
Confirm with . or Enter, or press ? or * to list all spells.
You erupt in a blast of force!
The mystic blast hits the orc warrior.
The orc warrior is moderately wounded.
The orc warrior is knocked back by the mystic blast.
The mystic blast hits the two-headed ogre!
The two-headed ogre is moderately wounded.
The two-headed ogre is knocked back by the mystic blast.
The two-headed ogre collides with the gnoll!
A bullfrog comes into view.
An orc comes into view. It is wielding a +0 vorpal mace.
Casting: Iskenderun's Mystic Blast (dangerous; 2% risk of failure)
Confirm with . or Enter, or press ? or * to list all spells.
You erupt in a blast of force!
The mystic blast hits the gnoll!
The gnoll is almost dead.
The gnoll is knocked back by the mystic blast.
The gnoll collides with the orc warrior!
You kill the gnoll!
Makhleb accepts your kill.
The mystic blast hits the two-headed ogre!
The two-headed ogre is severely wounded.
The two-headed ogre closely misses you.
The two-headed ogre hits you with a +0 giant spiked club!
The gnoll hits you from afar with a +0 halberd!
You feel yourself speed up.
The two-headed ogre hits you with a +0 giant spiked club!!
* * * LOW HITPOINT WARNING * * *
The two-headed ogre hits you with a +0 giant spiked club!
You die...

### ##.## ############
######...## #..........#
..........####.########.#
#......).>...#######.##
##..[.@#####...........
##..O## #.#####(#...
##g## #.#####.#.## #o.##
..........#
##†o.####..#####.###
#og.F......# #.#
##.o.####. #.# #..## #.#
#... #.#


You could see a two-headed ogre, an orc warrior and a gnoll.

Vanquished Creatures
  Sigmund (D:2)
  4 yaks (D:8)
  2 steam dragons (D:7)
  3 orc warriors
  2 sky beasts
  An ice beast (D:6)
  A necrophage (D:7)
  An ogre (D:4)
  A centaur (D:7)
  2 phantoms (D:6)
  A kobold brigand (D:6)
  A scorpion (D:7)
  3 wights (D:8)
  2 howler monkeys (D:8)
  2 bullfrog zombies (D:5)
  4 centaur zombies
  3 hounds
  3 jellies
  3 centaur skeletons
  2 orc priests (D:5)
  A bullfrog skeleton (D:5)
  Natasha (twice) (D:2)
  2 iguanas
  2 orc wizards (D:6)
  A killer bee zombie (D:6)
  2 hound zombies (D:5)
  Robin (D:4)
  A howler monkey skeleton (D:7)
  4 gnolls
  12 adders
  A white imp (D:6)
  2 worms
  2 dart slugs
  22 orcs
  4 endoplasms
  5 giant cockroaches
  4 hobgoblins
  2 jackals
  12 kobolds
  3 quokkas
  5 ball pythons
  5 bats
  4 frilled lizards
  11 goblins
  4 rats
156 creatures vanquished.

Vanquished Creatures (others)
  6 fulminant prisms
6 creatures vanquished.

Grand Total: 162 creatures vanquished

Notes
Turn   | Place    | Note
-------+----------+-------------------------------------------
     0 | D:1      | mordus the Djinni Conjurer began the quest for the Orb.
     0 | D:1      | Reached XP level 1. HP: 15/15 MP: 0/0
   340 | D:1      | Reached XP level 2. HP: 11/22 MP: 0/0
   742 | D:1      | Found a faded altar of an unknown god.
  1182 | D:2      | Reached skill level 1 in Fighting
  1182 | D:2      | Reached XP level 3. HP: 24/27 MP: 0/0
  1182 | D:2      | Learned a level 1 spell: Freeze
  1244 | D:2      | Noticed Sigmund
  1253 | D:2      | Killed Sigmund
  1254 | D:2      | Reached skill level 2 in Fighting
  1254 | D:2      | Reached XP level 4. HP: 7/33 MP: 0/0
  1254 | D:2      | Reached XP level 5. HP: 8/38 MP: 0/0
  1254 | D:2      | Learned a level 2 spell: Corpse Rot
  1521 | D:2      | Reached XP level 6. HP: 37/44 MP: 0/0
  1667 | D:2      | Found a hide-covered altar of Uskayaw.
  1895 | D:2      | Noticed Natasha
  1900 | D:2      | Killed Natasha
  2293 | D:2      | Noticed Natasha
  2301 | D:2      | Killed Natasha
  3349 | D:4      | Reached skill level 3 in Fighting
  3454 | D:4      | Reached XP level 7. HP: 39/50 MP: 0/0
  3454 | D:4      | Learned a level 3 spell: Conjure Flame
  3563 | D:4      | Reached skill level 5 in Spellcasting
  3785 | D:4      | Noticed Robin
  3802 | D:4      | Killed Robin
  4159 | D:5      | Entered Level 5 of the Dungeon
  4214 | D:5      | Found a glowing silver altar of Zin.
  4242 | D:5      | Reached skill level 4 in Fighting
  4582 | D:5      | Identified the +5 great sword "Dragonbane" {venom, rCorr
                  | Dex+7}
  4704 | D:5      | Reached XP level 8. HP: 46/58 MP: 0/0
  4722 | D:5      | Reached skill level 5 in Dodging
  5090 | D:5      | Reached skill level 5 in Fighting
  6009 | D:6      | Found Vusuf's Jewellery Boutique.
  6301 | D:6      | Reached skill level 6 in Fighting
  6342 | D:6      | Found Sin Ygo's Distillery.
  6365 | D:6      | Bought a potion of degeneration for 13 gold pieces
  6526 | D:6      | Found a staircase to the Ecumenical Temple.
  6541 | D:6      | Identified the +3 plate armour "Pucoov" {rC+ Dex+3}
  6577 | D:6      | Reached XP level 9. HP: 39/67 MP: 0/0
  6577 | D:6      | Learned a level 4 spell: Passage of Golubria
  6889 | Temple   | Entered the Ecumenical Temple
  7022 | Temple   | Became a worshipper of Makhleb the Destroyer
  7362 | D:6      | Reached skill level 7 in Fighting
  7506 | D:6      | Identified a scroll of acquirement
  7506 | D:6      | Acquired a +1 hat of willpower
  8433 | D:7      | Reached skill level 8 in Fighting
  8554 | D:7      | Reached * piety under Makhleb
  9106 | D:8      | Reached XP level 10. HP: 49/77 MP: 0/0
  9405 | D:8      | Identified the +6 chain mail of Fanaticism {Stlth+}
  9427 | D:8      | Reached skill level 9 in Fighting
  9440 | D:8      | Noticed a two-headed ogre
  9452 | D:8      | Slain by a two-headed ogre

Illustrated notes

Levels and vault maps discovered:
D:1:      lightli_arrival_boilingwater, layout_loops_ring,
          shapermc_ecumenical_altar_acropolis
D:2:      layout_loops_ring, basic_altar, dk_vineyard_3, uniq_natasha,
          uniq_sigmund
D:3:      layout_rooms, moated_statue, hangedman_abyss_or_decor_stabs,
          grunt_ministairs_14, minmay_misc_feat_five
D:4:      layout_rooms, uniq_robin
D:5:      layout_basic, lemuel_round_altar
D:6:      layout_loops_cross, minmay_temple_entry_crystal_x, enter_ossuary_1,
          serial_shops, shop_coins, nicolae_shop_statue_plus
D:7:      layout_basic
D:8:      layout_loops_ring, serial_shops, kennysheep_mini, chequers_garden
Temple:   kilobyte_greek_temple

Skill      XL: |  1  2  3  4  5  6  7  8  9 10 |
---------------+-------------------------------+-----
Fighting       | 1 2 3 4 6 8 9 |  9.0
Dodging        | 3 4 6 7 |  7.8
Spellcasting   | 4 5 6 7 8 |  8.2
Stealth        | |  1.5

Action                   |  1- 3 |  4- 6 |  7- 9 | 10-12 || total
-------------------------+-------+-------+-------+-------++-------
Melee: Unarmed           |     1 |       |       |       ||     1
       Club              |       |     2 |       |       ||     2
       Great sword       |       |       |    15 |     5 ||    20
 Cast: Magic Dart        |    23 |    75 |    51 |     7 ||   156
       Searing Ray       |     6 |    10 |    69 |     3 ||    88
       Dazzling Flash    |     1 |       |       |       ||     1
       Fulminant Prism   |       |       |     4 |     2 ||     6
       Iskenderun's Myst |       |       |    12 |     5 ||    17
  Use: Scroll            |       |       |    10 |       ||    10
       Potion            |       |       |     2 |       ||     2
 Stab: Sleeping          |       |       |     2 |       ||     2
Armor: Robe              |       |     5 |    24 |       ||    29
       Steam dragon scal |       |       |     4 |     3 ||     7
Dodge: Dodged            |     6 |    32 |    99 |     6 ||   143

Table legend: (Time is in decaauts)
 A = Elapsed time spent in this place.
 B = Non-inter-level travel time spent in this place.
 C = Inter-level travel time spent in this place.
 D = Time resting spent in this place.
 E = Time spent auto-exploring this place.
 F = Levels seen in this place.
 G = Mean time per level.
                   A        B        C        D        E       F      G
               +--------+--------+--------+--------+--------+-----+--------+
         Total |   9472 |   9352 |    120 |   2162 |   5599 |   9 | 1052.4 |
       Dungeon |   9304 |   9184 |    120 |   2162 |   5487 |   8 | 1163.0 |
        Temple |    167 |    167 |      0 |      0 |    112 |   1 |  167.0 |
               +--------+--------+--------+--------+--------+-----+--------+

Top non-repeatable levels by time:
     D:5: 1625 daAuts
     D:7: 1557 daAuts
     D:2: 1451 daAuts
     D:6: 1375 daAuts
     D:4: 1242 daAuts
     D:1: 1128 daAuts
     D:3: 702 daAuts
     D:8: 222 daAuts
  Temple: 167 daAuts
